 Dungeon Crawl Stone Soup version 0.28-a0-957-g42eb19b844 (webtiles) character file.

Game seed: 11384800860877361045

1705 kae the Agent of Entropy (level 8, -1/64 HPs)
             Began as a Demonspawn Abyssal Knight on Nov 30, 2021.
             Was a Priest of Lugonu.
             Slain by a kobold brigand (6 damage)
             ... on level 7 of the Dungeon.
             The game lasted 00:06:05 (10065 turns).

kae the Agent of Entropy (DsAK)                    Turns: 10065, Time: 00:06:06

Health: -1/64      AC:  3    Str: 15    XL:     8   Next: 73%
Magic:  13/13      EV: 11    Int: 12    God:    Lugonu [***...]
Gold:   237        SH:  4    Dex: 14    Spells: 7/7 levels left

rFire   + . .      SeeInvis .   p - +2 mace (drain)
rCold   . . .      Faith    .   (no shield)
rNeg    + . .      Spirit   .   b - +0 leather armour
rPois   .          Reflect  .   (no helmet)
rElec   .          Harm     .   (no cloak)
rCorr   .          Rampage  .   (no gloves)
Will    .....                   (no boots)
Stlth   +.........              (no amulet)
HPRegen 0.20/turn               l - ring of protection from fire
MPRegen 0.13/turn               n - ring of positive energy

@: slowed, very slow
A: condensation shield, weakness stinger 2, demonic touch 2
a: Renounce Religion, Depart the Abyss, Bend Space, Banish


You were on level 7 of the Dungeon.
You worshipped Lugonu.
Lugonu was most pleased with you.
You visited 2 branches of the dungeon, and saw 8 of its levels.
You visited the Abyss 1 time.

You collected 363 gold pieces.
You spent 126 gold pieces at shops.

Inventory:

Hand Weapons
 a - a +1 mace
 p - a +2 mace of draining (weapon)
Armour
 b - a +0 leather armour (worn)
Jewellery
 l - a ring of protection from fire (left hand)
 n - a ring of positive energy (right hand)
Scrolls
 d - a scroll of teleportation
 e - a scroll of fear
 h - 2 scrolls of silence
 j - a scroll of magic mapping
 m - 5 scrolls of identify
 q - a scroll of vulnerability {unknown}
 s - a scroll of enchant weapon {unknown}
Potions
 c - a potion of ambrosia
 f - 2 potions of might
 g - 3 potions of mutation {unknown}
 i - a potion of flight {unknown}
 k - a potion of degeneration {unknown}
 o - a potion of cancellation
 r - a potion of magic {unknown}
 t - 2 potions of invisibility {unknown}


   Skills:
 + Level 6.3 Fighting
 * Level 7.5 Maces & Flails
 - Level 1.7 Armour
 - Level 0.8 Dodging
 + Level 7.7 Invocations


You had 7 spell levels left.
You didn't know any spells.
Your spell library contained the following spells:

 Spells                   Type           Power      Damage    Failure   Level
 Pain                     Necr           0%         1d4       38%         1
 Ensorcelled Hibernation  Hex/Ice        0%         N/A       52%         2
 Ignite Poison            Fire/Tmut/Pois 0%         N/A       77%         3
 Mephitic Cloud           Conj/Pois/Air  0%         N/A       77%         3
 Spider Form              Tmut/Pois      0%         N/A       77%         3
 Agony                    Necr           0%         N/A       100%        5
 Excruciating Wounds      Necr           0%         N/A       100%        5
 Freezing Cloud           Conj/Ice/Air   0%         6-21      100%        5


Dungeon Overview and Level Annotations

Branches:
Dungeon (7/15)             Temple (1/1) D:4

Altars:
Dithmenos
Ru

Shops:
D:2 =   D:4 :(


Innate Abilities, Weirdness & Mutations

A meltable shield of frost defends you. (SH +4)
You have a tail ending in a sharp stinger.
Your touch may inflict irresistible damage on your foes.


Message History

The kobold throws a stone.
The stone closely misses you.
The kobold throws a stone.
The stone hits you but does no damage.
You feel very sick.
The kobold brigand hits you with a +0 short sword of electrocution!
You feel sick. The kobold barely misses you.
The kobold hits you with a +0 dagger. The kobold brigand misses you.
The kobold throws a stone.
The stone closely misses you.
You thump the kobold brigand!
You tail-slap the kobold brigand, but do no damage.
The kobold brigand is moderately wounded.
You feel sick. The kobold misses you. The kobold brigand closely misses you.
The kobold barely misses you. The kobold hits you but does no damage.
The kobold drinks a potion.
The kobold seems to grow stronger.
The kobold brigand completely misses you.
You closely miss the kobold brigand. Your touch misses the kobold brigand.
The kobold brigand is moderately wounded.
You feel sick. The kobold barely misses you.
The kobold hits you but does no damage.
The kobold hits you with a +0 dagger. x2
The kobold brigand hits you with a +0 short sword of electrocution.
* * * LOW HITPOINT WARNING * * *
The kobold hits you with a +1 dagger of freezing.
* * * LOW HITPOINT WARNING * * *
The kobold freezes you.
* * * LOW HITPOINT WARNING * * *
The kobold hits you with a +0 dagger.
* * * LOW HITPOINT WARNING * * *
The kobold closely misses you.
You hit the kobold brigand. You drain the kobold brigand.
You tail-slap the kobold brigand.
The kobold brigand is heavily wounded.
You feel sick.
You are no longer poisoned.
The kobold barely misses you.
The kobold brigand hits you with a +0 short sword of electrocution.
* * * LOW HITPOINT WARNING * * *
The kobold hits you but does no damage. You block the kobold's attack.
The kobold hits you but does no damage. The kobold hits you with a +0 dagger.
* * * LOW HITPOINT WARNING * * *
The kobold brigand hits you with a +0 short sword of electrocution.
You die...

#.... ######....
.....#.... #......
###.... . ##....
♣..####### #.....
♣♣.....KK## #.....
...[..K@..## ######.....
......KK...# #......#...
...........###.#######..
............(..#.......#
....♣.......####.##....#
...♣♣............##.##.#
... ♣...................
.. .................#.##
........##...........


You could see a kobold brigand (drained) and 4 kobolds.

Vanquished Creatures
  Grinder (D:3)
  2 water moccasins
  2 black bears
  An ice beast (D:6)
  3 sky beasts
  2 scorpions
  2 water moccasin skeletons
  A howler monkey (D:6)
  A centaur zombie (D:6)
  An orc priest (D:4)
  2 hounds
  A centaur skeleton (D:5)
  Jessica (D:3)
  3 iguanas
  Ijyb (D:2)
  Terence (D:3)
  An orc wizard (D:5)
  6 adders
  A shadow imp (D:5)
  An adder skeleton (D:4)
  A worm (D:3)
  3 dart slugs
  6 orcs
  7 bats
  4 endoplasms
  2 giant cockroaches
  11 goblins
  12 hobgoblins
  3 jackals
  10 kobolds
  3 quokkas
  9 ball pythons
  3 frilled lizards
  6 rats
114 creatures vanquished.

Notes
Turn   | Place    | Note
-------+----------+-------------------------------------------
     0 | Abyss:1  | kae the Demonspawn Abyssal Knight began the quest for the
                  | Orb.
     0 | Abyss:1  | Reached XP level 1. HP: 18/18 MP: 2/2
   120 | Abyss:1  | Noticed a quasit
   120 | D:1      | Escaped the Abyss
   259 | D:1      | Reached * piety under Lugonu
   435 | D:1      | Gained mutation: A meltable shield of frost defends you.
                  | (SH +4) [demonic ancestry]
   435 | D:1      | Reached XP level 2. HP: 21/24 MP: 4/4
  1340 | D:1      | Found a faded altar of an unknown god.
  1440 | D:1      | Reached XP level 3. HP: 27/29 MP: 5/5
  3173 | D:2      | Discovered your monstrous ancestry.
  3173 | D:2      | Gained mutation: You have a small tail. [demonic ancestry]
  3173 | D:2      | Reached XP level 4. HP: 27/35 MP: 6/6
  3261 | D:2      | Found Nous's Jewellery Shop.
  4410 | D:1      | Found a faded altar of an unknown god.
  4586 | D:3      | Noticed Ijyb
  4589 | D:3      | Noticed Terence
  4639 | D:2      | Killed Ijyb
  5044 | D:3      | Noticed Jessica
  5057 | D:3      | Reached ** piety under Lugonu
  5067 | D:3      | Killed Jessica
  5068 | D:3      | Gained mutation: Your touch may inflict minor irresistible
                  | damage on your foes. [demonic ancestry]
  5068 | D:3      | Reached XP level 5. HP: 5/42 MP: 6/8
  5416 | D:3      | Noticed Grinder
  5434 | D:3      | Killed Grinder
  5435 | D:3      | Reached XP level 6. HP: 12/49 MP: 9/9
  5998 | D:3      | Killed Terence
  6317 | D:4      | Found a staircase to the Ecumenical Temple.
  6370 | D:4      | Reached skill level 5 in Invocations
  6496 | D:4      | Found Tabb's Self-Improvement Boutique.
  6513 | D:4      | Found Zautzisch's Antique Weapon Shoppe.
  7073 | D:4      | Bought a glowing mace for 126 gold pieces
  7159 | D:4      | Reached skill level 5 in Maces & Flails
  7159 | D:4      | Gained mutation: You have a tail ending in a sharp stinger.
                  | [demonic ancestry]
  7159 | D:4      | Reached XP level 7. HP: 35/55 MP: 9/11
  7305 | D:5      | Entered Level 5 of the Dungeon
  7463 | Temple   | Entered the Ecumenical Temple
  7580 | D:5      | Reached skill level 5 in Fighting
  8740 | D:6      | Gained mutation: Your touch may inflict irresistible damage
                  | on your foes. [demonic ancestry]
  8740 | D:6      | Reached XP level 8. HP: 63/63 MP: 12/12
  9244 | D:6      | Found a shadowy altar of Dithmenos.
  9324 | D:6      | Found a sacrificial altar of Ru.
  9833 | D:7      | Reached *** piety under Lugonu
 10065 | D:7      | Slain by a kobold brigand

Illustrated notes

Levels and vault maps discovered:
D:1:      dpeg_arrival_rooms_with_view, layout_basic, serial_co_window_serial,
          co_window_cross_1, co_window_of_opportunity_a, co_window_cross_1,
          co_window_corner_a, co_window_paths_a, co_window_of_opportunity_c,
          co_window_corner_cb, co_window_corner_b, co_window_unsneaky_path_d,
          glass_columns_a, glass_columns_a, glass_columns_a, glass_columns_c,
          basic_ecumenical_altar, minmay_hexomino_u4
D:2:      layout_loops_ring, serial_shops,
          nicolae_shop_competitors_out_of_business, kennysheep_generic_room_3
D:3:      layout_loops_ring, uniq_ijyb, uniq_terence, uniq_jessica, uniq_grinder
D:4:      layout_cave_pools, minmay_temple_entry_grid, serial_shops, shop,
          st_stairs_7, nicolae_shop_self_help
D:5:      layout_cave_pools, st_stairs_7, nicolae_figureground_pulse
D:6:      layout_basic, mainiacjoe_overflow_catch_the_wave
D:7:      layout_rooms, kennysheep_decorative_pillar, kennysheep_boxes
Temple:   mainiacjoe_temple_cubbyholes

Skill      XL: |  1  2  3  4  5  6  7  8 |
---------------+-------------------------+-----
Maces & Flails | 2 3 4 5 6 7 |  7.5
Invocations    | 3 4 5 6 7 |  7.7
Fighting       | 4 5 6 |  6.3
Armour         | |  1.7
Dodging        | |  0.8

Action                   |  1- 3 |  4- 6 |  7- 9 || total
-------------------------+-------+-------+-------++-------
Melee: Mace              |   146 |   154 |   115 ||   415
       Tailslap          |       |    18 |    23 ||    41
       Touch             |       |    19 |    19 ||    38
Invok: Depart the Abyss  |     1 |       |       ||     1
  Use: Scroll            |     5 |     2 |     2 ||     9
       Potion            |       |     4 |     5 ||     9
Armor: Leather armour    |    47 |    35 |    33 ||   115
       Skin              |       |     5 |       ||     5
Dodge: Dodged            |    93 |   101 |    73 ||   267
Block: Other             |    21 |    30 |    11 ||    62

Table legend: (Time is in decaauts)
 A = Elapsed time spent in this place.
 B = Non-inter-level travel time spent in this place.
 C = Inter-level travel time spent in this place.
 D = Time resting spent in this place.
 E = Time spent auto-exploring this place.
 F = Levels seen in this place.
 G = Mean time per level.
                   A        B        C        D        E       F      G
               +--------+--------+--------+--------+--------+-----+--------+
         Total |  10152 |   9738 |    414 |   1730 |   6877 |   9 | 1128.0 |
       Dungeon |  10030 |   9616 |    414 |   1730 |   6761 |   7 | 1432.9 |
        Temple |      1 |      1 |      0 |      0 |      0 |   1 |    1.0 |
         Abyss |    120 |    120 |      0 |      0 |    116 |   1 |  120.0 |
               +--------+--------+--------+--------+--------+-----+--------+

Top non-repeatable levels by time:
     D:1: 2755 daAuts
     D:2: 1876 daAuts
     D:3: 1672 daAuts
     D:6: 1169 daAuts
     D:4: 1115 daAuts
     D:5: 953 daAuts
     D:7: 487 daAuts
 Abyss:1: 120 daAuts
  Temple: 1 daAuts
